 Dungeon Crawl Stone Soup version 0.29-a0-469-gd254ca66d9 (webtiles) character file.

Game seed: 10934901762850544783

2589 101zpm the Thaumaturge (level 9, -2/56 HPs)
             Began as a Djinni Fire Elementalist on May 22, 2022.
             Engulfed by a cloud of flame (4 damage)
             ... on level 8 of the Dungeon.
             The game lasted 00:14:26 (10583 turns).

101zpm the Thaumaturge (Djinni Fire Elementalist)  Turns: 10583, Time: 00:14:26

Health: -2/56      AC:  4    Str:  7    XL:     9   Next: 89%
Gold:   242        EV: 13    Int: 25    God:
                   SH:  0    Dex: 14

rFire   + + .      SeeInvis .   B - +7 flail of Sharkskin {freeze, Contam rCorr Int+4}
rCold   x . .      Faith    .   (no shield)
rNeg    . . .      Spirit   .   n - +1 robe {Archmagi}
rPois   ∞          Reflect  .   (no helmet)
rElec   .          Harm     .   t - +0 cloak
rCorr   +          Rampage  .   (no gloves)
Will    .....      Archmagi +   (boots unavailable)
Stlth   ++........              (no amulet)
HPRegen 0.18/turn               (no ring)
MPRegen 0.00/turn               (no ring)

@: flying
A: sickness immunity, fire resistance 2, cold vulnerability 1, float, innate
caster, HP casting, extra vitality 1
a: no special abilities


You were on level 8 of the Dungeon.
You visited 1 branch of the dungeon, and saw 8 of its levels.

You collected 471 gold pieces.
You spent 229 gold pieces at shops.

Inventory:

Hand Weapons
 c - a +0 flail of holy wrath
 B - the +7 flail of Sharkskin (weapon) {freeze, Contam rCorr Int+4}
   (You bought it in a shop on level 1 of the Dungeon)

   It freezes those it strikes, dealing additional cold damage.
   It can also slow down cold-blooded creatures.
   Int:       It affects your intelligence (+4).
   Contam:    It causes magical contamination when unequipped.
   rCorr:     It protects you from acid and corrosion.
Missiles
 e - 4 poisoned darts
Armour
 n - a +1 robe of the Archmagi (worn)
 t - a +0 cloak (worn)
Jewellery
 j - an amulet of faith
Wands
 a - a wand of polymorph (6)
 s - a wand of mindburst (11)
 F - a wand of iceblast (4)
 G - a wand of flame (6)
 J - a wand of acid (8)
Scrolls
 f - 2 scrolls of enchant weapon
 k - 9 scrolls of teleportation
 m - a scroll of poison
 p - a scroll of enchant armour
 r - a scroll of noise
 u - 2 scrolls of brand weapon {unknown}
 v - a scroll of magic mapping {unknown}
 w - a scroll of summoning {unknown}
 y - 2 scrolls of vulnerability {unknown}
 E - a scroll of immolation {unknown}
 H - a scroll of fear {unknown}
 I - 5 scrolls of identify
Potions
 b - a potion of invisibility {unknown}
 d - 4 potions of berserk rage {unknown}
 g - 5 potions of degeneration {unknown}
 h - a potion of resistance {unknown}
 i - 2 potions of mutation {unknown}
 l - 6 potions of curing
 o - 2 potions of might {unknown}
 q - a potion of lignification {unknown}
 x - a potion of magic {unknown}
 z - 2 potions of flight {unknown}
 A - a potion of cancellation {unknown}
 C - a potion of attraction {unknown}
 D - a potion of brilliance {unknown}


   Skills:
 + Level 0.3 Fighting
 + Level 2.9 Dodging
 + Level 3.8 Stealth
 + Level 9.6 Spellcasting


You had 4 spell levels left.
You knew the following spells:

 Your Spells              Type           Power      Damage    Failure   Level
a - Foxfire               Conj/Fire      100%       2x1d9     1%          1
b - Scorch                Fire           100%       2d10      1%          2
c - Conjure Flame         Conj/Fire      74%        6-21      1%          3
d - Inner Flame           Hex/Fire       74%        N/A       1%          3
e - Flame Wave            Conj/Fire      74%        2d13      1%          4
f - Slow                  Hex            100%       N/A       1%          1
g - Call Imp              Summ           74%        N/A       1%          2
h - Teleport Other        Tloc           74%        N/A       1%          3
i - Hailstorm             Conj/Ice       74%        3d15      1%          4
Your spell library was empty.

Dungeon Overview and Level Annotations

Branches:
Dungeon (8/15)             Temple (0/1) D:6
   Lair: D:8-11

Altars:
Elyvilon
Okawaru
Trog
Wu Jian
Yredelemnul

Shops:
D:1 (   D:7 (

Annotations:
D:7 1 runed translucent door, Crazy Yiuf


Innate Abilities, Weirdness & Mutations

You are immune to sickness and miasma.
You are immune to poison.
Your flesh is very heat resistant. (rF++)
You are vulnerable to cold. (rC-)
You float through the air rather than walking.
You learn spells naturally, not from books.
Your magical power is your life essence.
You have superior vitality. (+4 MHP)


Message History

Press: ? - help, Shift-Dir - straight line, f/p - Prince Ribbit
Aim: Prince Ribbit (flame, lightly wounded, inner flame, will become a rime drake, a hornet, or a tengu, chance to affect: 31%) Prince Ribbit evaporates and reforms as a hornet!
Prince Ribbit is engulfed in blazing flames.
Your foxfire dissipates!
Casting: Inner Flame (safe; 1% risk of failure)
Confirm with . or Enter, or press ? or * to list all spells.
Aiming: Inner Flame (safe; 1% risk of failure)
Press: ? - help, Dir - move target, f/p - Prince Ribbit
Aim: Prince Ribbit the hornet (lightly wounded, chance to affect: 95%)
You feel a surge of power!
Prince Ribbit is filled with an inner flame.
Prince Ribbit is engulfed in blazing flames.
Flame seeps out of Prince Ribbit.
Casting: Inner Flame (safe; 1% risk of failure)
Confirm with . or Enter, or press ? or * to list all spells.
You feel a surge of power!
Flames lash Prince Ribbit.
Flame seeps out of Prince Ribbit.
Prince Ribbit is severely wounded.
Prince Ribbit's fire resistance burns away.
Prince Ribbit is engulfed in blazing flames.
Flame seeps out of Prince Ribbit.
Casting: Scorch (safe; 1% risk of failure)
Confirm with . or Enter, or press ? or * to list all spells.
You feel a surge of power!
Flames lash Prince Ribbit but do no damage.
Prince Ribbit stings you! x2
* * * LOW HITPOINT WARNING * * *
Unknown command.
Prince Ribbit attacks as you move away! Prince Ribbit barely misses you.
Casting: Scorch (safe; 1% risk of failure)
Confirm with . or Enter, or press ? or * to list all spells.
You feel a surge of power!
Flames lash Prince Ribbit.
Prince Ribbit is burned terribly!
* * * LOW HITPOINT WARNING * * *
Prince Ribbit the hornet explodes!
The fiery explosion engulfs you. You resist.
* * * LOW HITPOINT WARNING * * *
You are engulfed in blazing flames.
You resist.
You die...

........#.........>..#
....§...#........#...#
...!....#....#####...#
........####.# #...###
.......○# #.# #....[.
#°# #.#####...### #§#
#............ #§#
#.##..###.#.# #@#
#.###.# #.#.# #.# #.#
#.###.#.# #.# #.#
#.....#.. #(# #.#
#.####### #.# #.#
#.....#.. #.# #.#
#.###.#.# #.# #.###.#
#.#.#
#.####.##..###.#.#
#..........[......


There were no monsters in sight!

Vanquished Creatures
  2 hornets (D:8)
  Eustachio (D:5)
  A steam dragon (D:7)
  2 water moccasins
  4 black bears
  A sky beast (D:7)
  2 orc warriors
  A centaur (D:8)
  Blork the orc (D:6)
  2 phantoms (D:5)
  A necrophage (D:7)
  3 bullfrogs
  A scorpion (D:4)
  2 hounds
  An orc priest (D:8)
  5 jellies
  An iguana (D:6)
  3 orc wizards
  A mummy (D:4)
  8 gnolls
  8 adders
  3 shadow imps
  A white imp (D:5)
  3 dart slugs
  20 orcs
  2 bats (D:1)
  10 endoplasms
  4 giant cockroaches
  5 hobgoblins
  5 jackals (D:1)
  A quokka (D:5)
  5 ball pythons
  A frilled lizard (D:1)
  6 goblins
  A hobgoblin zombie (D:4)
  9 kobolds
  3 kobold zombies (D:4)
  6 rats
136 creatures vanquished.

Vanquished Creatures (others)
  610 foxfires
610 creatures vanquished.

Grand Total: 746 creatures vanquished

Notes
Turn   | Place    | Note
-------+----------+-------------------------------------------
     0 | D:1      | 101zpm the Djinni Fire Elementalist began the quest for the
                  | Orb.
     0 | D:1      | Reached XP level 1. HP: 15/15 MP: 0/0
   375 | D:1      | Found Jyuw's Antique Weapon Boutique.
   451 | D:1      | Reached XP level 2. HP: 14/21 MP: 0/0
   675 | D:1      | Reached skill level 3 in Spellcasting
   677 | D:1      | Reached XP level 3. HP: 20/25 MP: 0/0
   677 | D:1      | Learned a level 1 spell: Slow
  2032 | D:2      | Reached XP level 4. HP: 27/31 MP: 0/0
  3072 | D:3      | Found a white marble altar of Elyvilon.
  3682 | D:4      | Noticed a scorpion
  3689 | D:3      | Reached skill level 4 in Spellcasting
  3689 | D:3      | Reached XP level 5. HP: 21/35 MP: 0/0
  3689 | D:3      | Learned a level 2 spell: Call Imp
  4450 | D:4      | Reached XP level 6. HP: 30/40 MP: 0/0
  5438 | D:5      | Entered Level 5 of the Dungeon
  5441 | D:5      | Noticed a black bear
  5446 | D:5      | Killed a black bear
  5447 | D:5      | Reached skill level 5 in Spellcasting
  5447 | D:5      | Reached XP level 7. HP: 34/45 MP: 0/0
  5447 | D:5      | Learned a level 3 spell: Teleport Other
  6257 | D:5      | Reached skill level 6 in Spellcasting
  6503 | D:5      | Reached XP level 8. HP: 22/50 MP: 0/0
  6736 | D:5      | Noticed Eustachio
  6743 | D:5      | Killed Eustachio
  7535 | D:1      | Bought a warped flail for 229 gold pieces
  7535 | D:1      | Identified the +7 flail of Sharkskin {freeze, Contam rCorr
                  | Int+4} (You bought it in a shop on level 1 of the Dungeon)
  7664 | D:6      | Reached skill level 7 in Spellcasting
  7873 | D:6      | Noticed Blork the orc
  7879 | D:6      | Killed Blork the orc
  8066 | D:6      | Found a bloodstained altar of Trog.
  8458 | D:6      | Found a staircase to the Ecumenical Temple.
  8517 | D:6      | Reached skill level 8 in Spellcasting
  8517 | D:6      | Reached XP level 9. HP: 43/55 MP: 0/0
  8517 | D:6      | Learned a level 4 spell: Hailstorm
  9328 | D:7      | Found a basalt altar of Yredelemnul.
  9328 | D:7      | Found an ornate altar of the Wu Jian Council.
  9482 | D:7      | Found Vukapp's Antique Weapon Boutique.
  9768 | D:7      | Found a runed translucent door.
  9769 | D:7      | Noticed Crazy Yiuf
  9949 | D:8      | Reached skill level 9 in Spellcasting
 10347 | D:8      | Found an iron altar of Okawaru.
 10436 | D:8      | Noticed a hornet
 10440 | D:8      | Killed a hornet
 10572 | D:8      | Noticed Prince Ribbit
 10578 | D:8      | Noticed Prince Ribbit
 10578 | D:8      | Prince Ribbit changed into Prince Ribbit the hornet
 10583 | D:8      | Killed Prince Ribbit the hornet
 10583 | D:8      | HP: 2/56 [spore (6)]
 10583 | D:8      | Engulfed by a cloud of flame

Illustrated notes

Levels and vault maps discovered:
D:1:      minmay_arrival_solitary_statue, layout_loops_cross, serial_shops,
          nicolae_shop_crystal
D:2:      layout_rooms, glass_columns_a
D:3:      layout_rooms, elyvilon_altar_4
D:4:      layout_basic, st_stairs_8, minmay_mini_ossuary
D:5:      layout_basic, serial_rivers, chequers_serial_rivers_small_3,
          chequers_serial_rivers_micro_e, chequers_serial_rivers_room_a,
          chequers_serial_rivers_micro_d, chequers_serial_rivers_room_b,
          uniq_eustachio
D:6:      layout_basic, nicolae_overflow_crystal_walls,
          minmay_temple_entry_statues, uniq_blork_the_orc
D:7:      layout_loops_ring, chequers_temple_overflow_statue_of_worship,
          serial_shops, nicolae_shop_hallway_plus, uniq_crazy_yiuf_cottage
D:8:      layout_basic, okawaru_metal_pillars_3, chequers_serial_rivers_small_3,
          minmay_misc_feat_cross, uniq_prince_ribbit1

Skill      XL: |  1  2  3  4  5  6  7  8  9 |
---------------+----------------------------+-----
Spellcasting   | 3 4 5 6 8 9 |  9.6
Stealth        | 2 3 |  3.8
Fighting       | |  0.3
Dodging        | |  2.9

Action                   |  1- 3 |  4- 6 |  7- 9 || total
-------------------------+-------+-------+-------++-------
 Cast: Foxfire           |    87 |   168 |   127 ||   382
       Scorch            |     5 |    26 |    36 ||    67
       Inner Flame       |       |     2 |    53 ||    55
       Call Imp          |       |       |     1 ||     1
Evoke: Wand              |       |       |     1 ||     1
  Use: Scroll            |       |       |     6 ||     6
Armor: Robe              |     1 |     1 |       ||     2
Dodge: Dodged            |     8 |    11 |     6 ||    25

Table legend: (Time is in decaauts)
 A = Elapsed time spent in this place.
 B = Non-inter-level travel time spent in this place.
 C = Inter-level travel time spent in this place.
 D = Time resting spent in this place.
 E = Time spent auto-exploring this place.
 F = Levels seen in this place.
 G = Mean time per level.
                   A        B        C        D        E       F      G
               +--------+--------+--------+--------+--------+-----+--------+
         Total |  10585 |  10050 |    535 |    531 |   8670 |   8 | 1323.1 |
       Dungeon |  10585 |  10050 |    535 |    531 |   8670 |   8 | 1323.1 |
               +--------+--------+--------+--------+--------+-----+--------+

Top non-repeatable levels by time:
     D:1: 1984 daAuts
     D:5: 1959 daAuts
     D:4: 1731 daAuts
     D:6: 1247 daAuts
     D:2: 1154 daAuts
     D:7: 1061 daAuts
     D:3: 807 daAuts
     D:8: 638 daAuts
